 Dungeon Crawl Stone Soup version 0.28-a0-1143-gcf6077d4cc (webtiles) character file.

Game seed: 10617964079180515579

2162 flotson the Skirmisher (level 9, -9/85 (93) HPs)
             Began as a Demonspawn Gladiator on Dec 14, 2021.
             Was a Follower of Hepliaklqana.
             Mangled by Maggie (16 damage)
             ... on level 5 of the Dungeon.
             The game lasted 00:12:56 (7779 turns).

flotson the Skirmisher (Demonspawn Gladiator)       Turns: 7779, Time: 00:12:57

HP:   -9/85 (93)    AC: 10    Str: 18    XL:     9   Next: 10%
MP:   7/9           EV: 13    Int: 16    God:    Hepliaklqana [*.....]
Gold: 284           SH:  0    Dex: 15    Spells: 8/8 levels left

rFire   . . .      SeeInvis .   x - +7 falchion "Returead" {vorpal, Will+ Int+6}
rCold   . . .      Faith    .   (no shield)
rNeg    . . .      Spirit   .   h - +0 ring mail
rPois   .          Reflect  .   c - +0 helmet
rElec   .          Harm     .   (no cloak)
rCorr   .          Rampage  .   u - +0 pair of gloves
Will    +....                   q - +1 pair of boots
Stlth   ..........              (no amulet)
HPRegen 0.24/turn               i - ring of flight
MPRegen 0.11/turn               (no ring)

@: berserking, flying, drained, very quick
A: reduced essence, hooves 1, powered by death 1, demonic magic 2
a: Renounce Religion, Recall Ancestor, Ancestor Identity


You were on level 5 of the Dungeon.
You worshipped Hepliaklqana.
Hepliaklqana was aware of your devotion.
You visited 2 branches of the dungeon, and saw 7 of its levels.

You collected 284 gold pieces.

Inventory:

Hand Weapons
 a - a +0 war axe
 x - the +7 falchion "Returead" (weapon) {vorpal, Will+ Int+6}
   (You found it on level 4 of the Dungeon)

   It inflicts extra damage upon your enemies.
   Int:       It affects your intelligence (+6).
   Will:      It increases your willpower.
Missiles
 d - a throwing net (quivered)
Armour
 c - a +0 helmet (worn)
 h - a +0 ring mail (worn)
 q - a +1 pair of boots (worn)
 u - a +0 pair of gloves (worn)
Jewellery
 i - a ring of flight (left hand)
 j - a ring of fire
Wands
 A - a wand of flame (32)
 B - a wand of polymorph (9)
Scrolls
 e - a scroll of magic mapping {unknown}
 g - 3 scrolls of identify {unknown}
 k - a scroll of torment {unknown}
 l - a scroll of vulnerability {unknown}
 m - 2 scrolls of holy word {unknown}
 o - a scroll of immolation {unknown}
 t - 2 scrolls of fog {unknown}
 v - 2 scrolls of blinking {unknown}
 w - 3 scrolls of teleportation {unknown}
 y - a scroll of enchant armour {unknown}
 G - a scroll of fear {unknown}
 I - a scroll of acquirement {unknown}
Potions
 b - a potion of cancellation {unknown}
 f - 2 potions of attraction {unknown}
 n - 2 potions of brilliance {unknown}
 p - 2 potions of resistance {unknown}
 r - a potion of magic {unknown}
 D - 2 potions of haste {unknown}
 E - a potion of degeneration {unknown}
 F - a potion of flight {unknown}
 H - a potion of curing
 J - a potion of ambrosia {unknown}
 K - a potion of lignification {unknown}


   Skills:
 + Level 6.3 Fighting
 - Level 2.6 Axes
 + Level 5.7 Throwing
 + Level 5.3 Armour
 + Level 6.1 Dodging


You had 8 spell levels left.
You didn't know any spells.
Your spell library was empty.

Dungeon Overview and Level Annotations

Branches:
Dungeon (6/15)             Temple (1/1) D:4

Altars:
Ashenzari
Cheibriados
Elyvilon
Fedhas
Gozag
Hepliaklqana
Kikubaaqudgha
Nemelex Xobeh
Okawaru
Ru
Sif Muna
Trog
Vehumet
Xom
Yredelemnul
Zin

Annotations:
D:5 Maggie


Innate Abilities, Weirdness & Mutations

Your life essence is reduced to manifest your ancestor. (-10% HP)
You have large cloven feet.
You regenerate a little health from kills.
Spells you cast may paralyse nearby enemies.


Message History

The gnoll sergeant closely misses you. Maggie barely misses you.
You hit the gnoll sergeant.
The gnoll sergeant is moderately wounded.
The gnoll sergeant hits you with a +0 trident.
Maggie misses you.
Unknown command.
You barely miss the gnoll sergeant.
The gnoll sergeant is moderately wounded.
The gnoll sergeant closely misses you.
Maggie hits you with a +1 morningstar of draining!
You feel drained.
The gnoll sergeant hits you with a +0 trident!
Chitauli barely misses the gnoll sergeant.
You are too injured to fight recklessly!
You are too injured to fight recklessly!
Unknown command.
You are too injured to fight recklessly!
Unknown command.
Maggie gestures wildly while chanting.
Maggie attempts to bespell you! You resist with some effort.
The gnoll sergeant closely misses you.
Chitauli hits the gnoll sergeant.
Chitauli hits the gnoll sergeant.
There is a stone staircase leading up, spattered with blood here.
Maggie hits you with a +1 morningstar of draining.
You feel drained.
The gnoll sergeant hits you from afar with a +0 trident!
* * * LOW HITPOINT WARNING * * *
Chitauli barely misses the gnoll sergeant.
You fly upwards.
There is a stone staircase leading down here.
Chitauli is recalled.
Maggie hits you with a +1 morningstar of draining!
* * * LOW HITPOINT WARNING * * *
You feel drained.
* * * LOW HITPOINT WARNING * * *
Unknown command.
A red film seems to cover your vision as you go berserk!
You feel yourself moving faster!
You feel mighty!
Maggie hits you with a +1 morningstar of draining!
You die...

##.## ###.R....### # #<.#
####......########
#..#####.....####......##
##.......##### ######...
#.........## ####
##.###......# # #..#
#......## # ##.##
#.!@R...# # ####.##
#..@....# # #####.....#
#.......# #.........#
######### ..........#
..........## #.......#..#
# ###....###.# # ##....##
#.## ## .#.#### ##.# ##.


You could see the friendly Chitauli the ancestor and Maggie (ally target).

Vanquished Creatures
  Sigmund (D:4)
  A wyvern (D:6)
  A black bear (D:5)
  A sky beast (D:3)
  An ogre (D:6)
  4 necrophages
  A centaur (D:5)
  The ghost of AigisTheKnight the Gusty, an amateur DrAE (D:3)
  A kobold brigand (D:4)
  Blork the orc (D:4)
  A water moccasin zombie (D:5)
  A water moccasin skeleton (D:5)
  2 hounds
  A bullfrog zombie (D:5)
  A centaur skeleton (D:6)
  2 orc priests (D:3)
  A jelly (D:6)
  Ijyb (D:4)
  3 iguanas (D:5)
  2 orc wizards
  Natasha (thrice) (D:4)
  A hound zombie (D:5)
  A hound skeleton (D:5)
  A howler monkey zombie (D:5)
  4 adders
  2 gnolls
  An ufetubus (D:5)
  An adder skeleton (D:4)
  2 worms (D:2)
  3 dart slugs
  11 orcs
  8 endoplasms
  6 giant cockroaches
  10 goblins
  4 hobgoblins
  4 jackals (D:1)
  15 kobolds
  A quokka (D:1)
  4 ball pythons
  5 bats
  3 frilled lizards
  7 rats
125 creatures vanquished.

Vanquished Creatures (collateral kills)
  A necrophage (D:5)
  A hornet zombie (D:6)
  An ufetubus (D:6)
  A dart slug (D:5)
4 creatures vanquished.

Vanquished Creatures (others)
  2 ancestors
  A gnoll (D:6)
3 creatures vanquished.

Grand Total: 132 creatures vanquished

Notes
Turn   | Place    | Note
-------+----------+-------------------------------------------
     0 | D:1      | flotson the Demonspawn Gladiator began the quest for the
                  | Orb.
     0 | D:1      | Reached XP level 1. HP: 16/16 MP: 1/1
    96 | D:1      | Found a faded altar of an unknown god.
   434 | D:1      | Gained mutation: Spells you cast may paralyse adjacent
                  | enemies. [demonic ancestry]
   434 | D:1      | Reached XP level 2. HP: 22/22 MP: 2/2
   963 | D:1      | Reached skill level 1 in Armour
  1039 | D:1      | Reached XP level 3. HP: 26/28 MP: 3/3
  2079 | D:2      | Reached XP level 4. HP: 18/34 MP: 4/4
  2700 | D:3      | Noticed a sky beast
  2736 | D:3      | Killed a sky beast
  2737 | D:3      | Reached XP level 5. HP: 32/41 MP: 5/5
  3129 | D:3      | Gained mutation: Spells you cast may paralyse nearby
                  | enemies. [demonic ancestry]
  3129 | D:3      | Reached XP level 6. HP: 19/47 MP: 6/6
  3345 | D:3      | Found a runed translucent door.
  3351 | D:3      | Noticed AigisTheKnight's ghost (amateur DrAE)
  3861 | D:3      | Killed AigisTheKnight's ghost
  4108 | D:4      | Noticed Sigmund
  4241 | D:4      | Reached XP level 7. HP: 53/54 MP: 7/7
  4285 | D:4      | Identified the +7 falchion "Returead" {vorpal, Will+ Int+6}
  4313 | D:4      | Found a blossoming altar of Fedhas.
  4558 | D:4      | Noticed Blork the orc
  4563 | D:4      | Noticed Ijyb
  4569 | D:4      | Killed Blork the orc
  4573 | D:4      | Killed Ijyb
  4735 | D:4      | Found a staircase to the Ecumenical Temple.
  4743 | Temple   | Entered the Ecumenical Temple
  4988 | Temple   | Became a worshipper of Hepliaklqana the Forgotten
  5216 | D:4      | Killed Sigmund
  5459 | D:4      | Noticed Natasha
  5464 | D:4      | Killed Natasha
  5588 | D:4      | Found a blossoming altar of Fedhas.
  5692 | D:4      | Noticed Natasha
  5695 | D:4      | Killed Natasha
  5715 | D:4      | Noticed Natasha
  5721 | D:4      | Killed Natasha
  5915 | D:4      | Found a staircase to the Ecumenical Temple.
  6163 | D:5      | Entered Level 5 of the Dungeon
  6263 | D:5      | Gained mutation: You regenerate a little health from kills.
                  | [demonic ancestry]
  6263 | D:5      | Reached XP level 8. HP: 60/61 MP: 8/8
  6267 | D:5      | Reached skill level 5 in Dodging
  6340 | D:5      | Reached skill level 5 in Fighting
  6392 | D:5      | Reached * piety under Hepliaklqana
  6488 | D:5      | Reached skill level 5 in Throwing
  7190 | D:6      | Reached skill level 5 in Armour
  7436 | D:6      | Discovered your monstrous ancestry.
  7436 | D:6      | Gained mutation: You have large cloven feet. [demonic
                  | ancestry]
  7436 | D:6      | Reached XP level 9. HP: 46/62 MP: 9/9
  7515 | D:6      | Noticed Maggie
  7779 | D:5      | Mangled by Maggie

Illustrated notes

Levels and vault maps discovered:
D:1:      wheals_arrival_linesprint, layout_basic,
          chequers_ecumenical_altar_island, minmay_crystal_water,
          corexii_item_surrounded_by_moat, grunt_decor_clamped
D:2:      minmay_general_purpose_star, layout_rooms, minmay_box_of_dots
D:3:      layout_loops_ring, ebering_ghost_reflecting_pool,
          hangedman_abyss_or_decor_stabs, st_stairs_13
D:4:      layout_basic, mainiacjoe_overflow_concentric_impassable,
          minmay_temple_entry_statues_pillars, grunt_ministairs_15,
          chequers_garden, hangedman_glass_teeth, uniq_blork_the_orc,
          uniq_natasha, uniq_sigmund, uniq_ijyb
D:5:      minmay_octagon_keep, layout_cave_pods
D:6:      gammafunk_steamed_eel, layout_rooms, uniq_edmund, uniq_duvessa,
          uniq_maggie
Temple:   mainiacjoe_temple_big_plus

Skill      XL: |  1  2  3  4  5  6  7  8 |
---------------+-------------------------+-----
Throwing       | 2 3 4 5 |  5.7
Armour         | 1 2 3 4 5 |  5.3
Dodging        | 3 4 6 |  6.1
Fighting       | 3 4 6 |  6.3
Axes           | |  2.6

Action                   |  1- 3 |  4- 6 |  7- 9 || total
-------------------------+-------+-------+-------++-------
Melee: Short sword       |   146 |   180 |     5 ||   331
       War axe           |     8 |       |       ||     8
       Falchion          |       |       |   144 ||   144
Throw: Javelin           |       |     2 |     9 ||    11
       Throwing net      |       |       |     3 ||     3
Invok: Recall Ancestor   |       |       |     1 ||     1
  Use: Potion            |       |       |     1 ||     1
 Stab: Sleeping          |     1 |       |       ||     1
       Distracted        |       |       |     1 ||     1
Armor: Leather armour    |    11 |       |       ||    11
       Ring mail         |    42 |    79 |    88 ||   209
Dodge: Dodged            |   105 |   110 |   158 ||   373

Table legend: (Time is in decaauts)
 A = Elapsed time spent in this place.
 B = Non-inter-level travel time spent in this place.
 C = Inter-level travel time spent in this place.
 D = Time resting spent in this place.
 E = Time spent auto-exploring this place.
 F = Levels seen in this place.
 G = Mean time per level.
                   A        B        C        D        E       F      G
               +--------+--------+--------+--------+--------+-----+--------+
         Total |   7869 |   7525 |    344 |    237 |   6122 |   7 | 1124.1 |
       Dungeon |   7593 |   7279 |    314 |    237 |   5886 |   6 | 1265.5 |
        Temple |    275 |    245 |     30 |      0 |    236 |   1 |  275.0 |
               +--------+--------+--------+--------+--------+-----+--------+

Top non-repeatable levels by time:
     D:4: 1722 daAuts
     D:3: 1581 daAuts
     D:1: 1482 daAuts
     D:5: 1235 daAuts
     D:2: 1154 daAuts
     D:6: 417 daAuts
  Temple: 275 daAuts
